 Dungeon Crawl Stone Soup version 0.29-a0-344-ge2f44be95a (webtiles) character file.

Game seed: 7224036959066375300

541 Enlil the Sneak (level 7, 0/44 (46) HPs)
             Began as a Vampire Enchanter on Apr 22, 2022.
             Slain by Duvessa
             ... wielding a +0 short sword
              (6 damage)
             ... on level 4 of the Dungeon.
             The game lasted 00:19:30 (4040 turns).

Enlil the Sneak (Vampire Enchanter)                 Turns: 4040, Time: 00:19:31

HP:   0/44 (46)     AC:  6    Str:  7    XL:     7   Next: 5%
MP:   9/12          EV: 14    Int: 20    God:
Gold: 283           SH:  0    Dex: 16    Spells: 4/12 levels left

rFire   . . .      SeeInvis +   a - +2 dagger
rCold   . . .      Faith    .   (no shield)
rNeg    . . .      Spirit   .   b - +0 robe
rPois   .          Reflect  .   n - +3 crown of Dyrovepreva {rElec Int+2 SInv}
rElec   +          Harm     .   (no cloak)
rCorr   .          Rampage  .   (no gloves)
Will    .....                   p - +0 pair of boots
Stlth   ++++......              (no amulet)
HPRegen 0.34/turn               (no ring)
MPRegen 0.13/turn               (no ring)

@: very slightly contaminated, healing quickly, lightly drained
A: alive, fangs 3, see invisible, vampiric 2
a: Exsanguinate


You were on level 4 of the Dungeon.
You visited 1 branch of the dungeon, and saw 4 of its levels.

You collected 283 gold pieces.

Inventory:

Hand Weapons
 a - a +2 dagger (weapon)
Missiles
 t - 2 throwing nets (quivered)
Armour
 b - a +0 robe (worn)
 n - the +3 crown of Dyrovepreva (worn) {rElec Int+2 SInv}
   (You found it on level 3 of the Dungeon)

   Int:       It affects your intelligence (+2).
   rElec:     It insulates you from electricity.
   SInv:      It lets you see invisible.
 p - a +0 pair of boots (worn)
Jewellery
 e - an amulet of guardian spirit
 f - an amulet of faith
Wands
 g - a wand of polymorph (7)
 u - a wand of flame (12)
Scrolls
 d - 5 scrolls of identify
 l - a scroll of enchant weapon
 o - a scroll of vulnerability
 q - a scroll of acquirement {unknown}
Potions
 h - 3 potions of degeneration {unknown}
 i - a potion of magic {unknown}
 j - a potion of curing
 k - a potion of attraction {unknown}
 m - a potion of ambrosia {unknown}
 r - a potion of heal wounds {unknown}
 s - a potion of mutation {unknown}


   Skills:
 + Level 3.6 Short Blades
 + Level 4.1 Dodging
 + Level 7.0 Stealth
 + Level 3.4 Spellcasting
 + Level 6.6 Hexes


You had 4 spell levels left.
You knew the following spells:

 Your Spells              Type           Power      Damage    Failure   Level
a - Confusing Touch       Hex            30%        N/A       2%          3
b - Ensorcelled Hibernat  Hex/Ice        32%        N/A       5%          2
c - Tukima's Dance        Hex            30%        N/A       2%          3

Your spell library contained the following spells:

 Spells                   Type           Power      Damage    Failure   Level
 Dazzling Flash           Conj/Hex       32%        N/A       11%         3
 Inner Flame              Hex/Fire       16%        N/A       11%         3
 Foxfire                  Conj/Fire      12%        2x1d4     14%         1
 Anguish                  Hex/Necr       8%         N/A       34%         4
 Conjure Flame            Conj/Fire      3%         6-21      38%         3
 Flame Wave               Conj/Fire      3%         2d4       80%         4
 Enfeeble                 Hex            15%        N/A       100%        7


Dungeon Overview and Level Annotations

Branches:
Dungeon (4/15)
 Temple: D:4-7

Altars:
Trog

Shops:
D:1 *   D:2 !   D:3 :

Annotations:
D:4 Duvessa


Innate Abilities, Weirdness & Mutations

Your natural rate of healing is accelerated.
You have razor-sharp teeth.
You have supernaturally acute eyesight. (SInv)
You are afflicted with vampirism and can become a bat while bloodless.


Message History

You hear a shout! x30
Done waiting.
You hear a shout!
You start waiting.
You hear a shout! x31
Done waiting.
You hear a shout!
You hear a shout!
You hear a shout! x2
You hear a shout!
You hear a shout!
You hear a shout!
You hear a shout! x2
You now have 283 gold pieces (gained 9).
Things that are here:
a +0 dagger of draining; a +0 robe Done exploring.
Done exploring.
Done exploring.
You hear a shout!
You hear a shout!
You hear a shout! x2
You hear a shout! x2
You hear a shout!
Casting: Confusing Touch (dangerous; 2% risk of failure)
Confirm with . or Enter, or press ? or * to list all spells.
You miscast Confusing Touch.
You are very lightly contaminated with residual magic.
Nothing appears to happen.
Duvessa hits you with a +0 short sword! x2
You hit Duvessa.
Duvessa is moderately wounded.
Duvessa hits you but does no damage.
You closely miss Duvessa.
Duvessa is lightly wounded.
Duvessa hits you with a +0 short sword!
* * * LOW HITPOINT WARNING * * *
You hit Duvessa but do no damage. You bite Duvessa.
Duvessa is moderately wounded.
Duvessa hits you with a +0 short sword.
You die...

##..#..###.# ##...#.#.#. ######
##.#.####.######..#.#.#.##
.#...## #...............##...#.##
......###....###.########......##
............####.#####....##.####
.......###..............####.## #
.......##..####....#.#### #..###
......###...#...e....# ##....
.....####.....#.@..### ##.^#
#.#####.....###.#..# #.##
#.###.....#.##.....# ##### #.#.
#.##..##.##..#>....###...#####.##
..#..###.###.#(....##...........#
....###..# #.#.....#.......####..
...####.## #.#....)........# ###
..###...# #.#....#........# #
####..### #.##.#.###.....## #


You could see Duvessa (berserk).

Vanquished Creatures
  Grinder (D:4)
  A black bear (D:4)
  Dowan (D:4)
  2 orc wizards (D:4)
  4 gnolls (D:4)
  5 adders
  2 worms
  2 orcs (D:4)
  3 bats
  4 endoplasms
  2 giant cockroaches (D:1)
  12 goblins
  10 hobgoblins
  4 jackals (D:2)
  3 quokkas (D:1)
  7 ball pythons
  5 frilled lizards
  4 kobolds
  3 rats
75 creatures vanquished.

Notes
Turn   | Place    | Note
-------+----------+-------------------------------------------
     0 | D:1      | Enlil the Vampire Enchanter began the quest for the Orb.
     0 | D:1      | Reached XP level 1. HP: 13/13 MP: 3/3
   192 | D:1      | Reached XP level 2. HP: 18/19 MP: 5/5
   261 | D:1      | Found a faded altar of an unknown god.
   297 | D:1      | Reached skill level 5 in Stealth
   719 | D:1      | Found Neumanni's General Store.
  1180 | D:2      | Reached skill level 5 in Hexes
  1225 | D:2      | Gained mutation: You are afflicted with vampirism and can
                  | become a bat while bloodless. [Vampire growth]
  1225 | D:2      | Reached XP level 3. HP: 24/24 MP: 6/6
  1301 | D:2      | Found Kiecux's Distillery.
  1485 | D:2      | Learned a level 3 spell: Confusing Touch
  1488 | D:2      | Learned a level 2 spell: Ensorcelled Hibernation
  1838 | D:3      | Found the +3 crown of Dyrovepreva {rElec Int+2 SInv}
  2136 | D:3      | Found Mubbojob's Book Boutique.
  2504 | D:4      | Found a bloodstained altar of Trog.
  2605 | D:4      | Reached XP level 4. HP: 30/30 MP: 1/7
  2746 | D:4      | Noticed a black bear
  2750 | D:4      | Killed a black bear
  2751 | D:4      | Reached skill level 6 in Stealth
  2751 | D:4      | Reached XP level 5. HP: 35/35 MP: 7/9
  2777 | D:4      | Learned a level 3 spell: Tukima's Dance
  3024 | D:4      | Noticed Grinder
  3030 | D:4      | Noticed Duvessa
  3256 | D:4      | Killed Grinder
  3257 | D:4      | Reached XP level 6. HP: 34/41 MP: 7/10
  3664 | D:4      | Noticed Dowan
  3683 | D:4      | Killed Dowan
  3684 | D:4      | Reached skill level 7 in Stealth
  3684 | D:4      | Reached XP level 7. HP: 22/44 MP: 9/12
  4040 | D:4      | Slain by Duvessa

Illustrated notes

Levels and vault maps discovered:
D:1:      heliophobic_arrival_ceremonial_halls, layout_loops_ring,
          hellmonk_ecumenical_altar_leap_of_faith, serial_shops,
          nicolae_lakefront_shop, minmay_pentomino_o4
D:2:      layout_rooms, serial_shops, shop, roderic_lattice_a,
          chequers_serial_rivers_large_a, dk_noncrumbling_4
D:3:      layout_loops_cross, serial_shops, nicolae_shop_window_shopping
D:4:      cheibrodos_greedy_goblins, layout_rooms, trog_book,
          kennysheep_generic_room_10, uniq_grinder, uniq_duvessa

Skill      XL: |  1  2  3  4  5  6 |
---------------+-------------------+-----
Stealth        | 5 6 7 |  7.0
Hexes          | 5 6 |  6.6
Short Blades   | 2 3 |  3.6
Dodging        | 3 4 |  4.1
Spellcasting   | 3 |  3.4

Action                   |  1- 3 |  4- 6 |  7- 9 || total
-------------------------+-------+-------+-------++-------
Melee: Dagger            |   105 |   129 |     4 ||   238
       Bite              |    12 |    16 |     1 ||    29
       Punch             |     3 |       |       ||     3
 Cast: Confusing Touch   |     4 |     7 |       ||    11
  Use: Scroll            |     6 |     3 |       ||     9
       Potion            |       |     2 |     1 ||     3
 Stab: Sleeping          |    16 |     6 |       ||    22
       Confused          |       |     3 |       ||     3
       Distracted        |       |     1 |       ||     1
Armor: Robe              |    21 |    24 |     1 ||    46
Dodge: Dodged            |    59 |    66 |     1 ||   126

Table legend: (Time is in decaauts)
 A = Elapsed time spent in this place.
 B = Non-inter-level travel time spent in this place.
 C = Inter-level travel time spent in this place.
 D = Time resting spent in this place.
 E = Time spent auto-exploring this place.
 F = Levels seen in this place.
 G = Mean time per level.
                   A        B        C        D        E       F      G
               +--------+--------+--------+--------+--------+-----+--------+
         Total |   4022 |   3900 |    122 |   1063 |   1921 |   4 | 1005.5 |
       Dungeon |   4022 |   3900 |    122 |   1063 |   1921 |   4 | 1005.5 |
               +--------+--------+--------+--------+--------+-----+--------+

Top non-repeatable levels by time:
     D:4: 1512 daAuts
     D:2: 1006 daAuts
     D:1: 782 daAuts
     D:3: 719 daAuts
